 Dungeon Crawl Stone Soup version 0.30-a0-1164-ge08a677 (webtiles) character file.

Game seed: 4295620925502826604

205 Dorkslayer the Shield-Bearer (level 5, 0/33 HPs)
             Began as a Gargoyle Fighter on Apr 29, 2023.
             Slain by an iguana (11 damage)
             ... on level 3 of the Dungeon.
             The game lasted 00:06:38 (2323 turns).

Dorkslayer the Shield-Bearer (Gargoyle Fighter)     Turns: 2323, Time: 00:06:39

Health: 0/33       AC: 14    Str: 20    XL:     5   Next: 83%
Magic:  5/5        EV:  8    Int:  8    God:
Gold:   83         SH:  4    Dex: 11    Spells: 4/4 levels left

rFire   . . .        a - +0 war axe
rCold   . . .        c - +0 buckler
rNeg    + . .        r - +0 chain mail
rPois   ∞            (no helmet)
rElec   +            p - +0 cloak
rCorr   .            (no gloves)
SInv    .            (no boots)
Will    .....        (no amulet) Stlth
                     (no ring)
HPRegen 0.25/turn    (no ring)
MPRegen 0.09/turn

%: no passive effects
@: no status effects
A: sickness immunity, AC +4, negative energy resistance 1, electricity
resistance, torment resistance 1, petrification resistance
a: no special abilities


You were on level 3 of the Dungeon.
You visited 1 branch of the dungeon, and saw 3 of its levels.

You collected 83 gold pieces.

Inventory:

Hand Weapons
 a - a +0 war axe (weapon)
Armour
 c - a +0 buckler (worn)
 p - a +0 cloak (worn)
 r - a +0 chain mail (worn)
Wands
 i - a wand of light (8)
Scrolls
 f - 2 scrolls of vulnerability {unknown}
 g - 2 scrolls of fog {unknown}
 h - a scroll of enchant weapon {unknown}
 j - a scroll of enchant armour {unknown}
 l - a scroll of fear {unknown}
 m - 2 scrolls of blinking {unknown}
 n - a scroll of teleportation {unknown}
 q - 3 scrolls of identify {unknown}
Potions
 d - 2 potions of might
 e - 2 potions of curing {unknown}
 k - 2 potions of invisibility {unknown}
 o - a potion of heal wounds {unknown}


   Skills:
 + Level 4.0 Fighting
 + Level 3.3 Axes
 + Level 3.9 Armour
 * Level 1.6 Dodging
 + Level 0.2 Stealth
 + Level 4.2 Shields
 * Level 0.1 Evocations


You had 4 spell levels left.
You didn't know any spells.
Your spell library was empty.

Dungeon Overview and Level Annotations

Branches:
Dungeon (3/15)

Altars:


Innate Abilities, Weirdness & Mutations

You are immune to sickness and miasma.
Your stone body is resilient. (AC +4)
You are immune to poison.
You resist negative energy. (rN+)
You are resistant to electric shocks. (rElec)
You are resistant to unholy torment.
You are immune to petrification.


Message History

You closely miss the orc.
The orc is moderately wounded.
The orc hits you but does no damage. The orc hits you with a +0 dagger.
You block the orc's attack. x2
You slash the orc!
You kill the orc!
The orc hits you but does no damage. The orc barely misses you.
Items here: )) [ ††.
You hit the orc but do no damage. The orc misses you.
You hit the orc.
The orc is almost dead.
The orc hits you but does no damage. x2
You closely miss the orc.
The orc is almost dead.
The orc hits you but does no damage.
You slash the orc!
You kill the orc!
Items here: )) [ †.
You open the door.
An iguana comes into view.
The iguana hisses angrily.
A gnoll comes into view. It is wielding a +0 spear.
There is an open door here.
The gnoll shouts!
The iguana bites you.
You closely miss the iguana. The iguana barely misses you.
The iguana bites you.
The gnoll hits you from afar with a +0 spear.
You hit the iguana.
The iguana is moderately wounded.
You block the gnoll's attack. You block the iguana's attack.
You hit the iguana but do no damage.
The iguana is moderately wounded.
The gnoll hits you but does no damage. The iguana bites you!
You barely miss the iguana.
The iguana is moderately wounded.
The gnoll hits you but does no damage. The iguana bites you.
The iguana bites you!
You die...

##.# ##..#
#.########8..#
#...#)......#
#.#.')).....##
#.########8..#
#)# ##..####
#####.#
##'##..##..
......#
#..........
#######
#..@lg.....
###########


You could see an iguana and a gnoll.

Vanquished Creatures
  A phantom (D:3)
  6 adders (D:2)
  2 worms
  3 dart slugs
  5 orcs (D:3)
  5 ball pythons
  5 bats
  3 endoplasms
  6 goblins
  4 hobgoblins
  4 jackals (D:1)
  3 frilled lizards
  4 kobolds
  7 rats
58 creatures vanquished.

Vanquished Creatures (others)
  2 plants (D:1)
  15 withered plants (D:1)
17 creatures vanquished.

Grand Total: 75 creatures vanquished

Notes
Turn   | Place    | Note
-------+----------+-------------------------------------------
     0 | D:1      | Dorkslayer the Gargoyle Fighter began the quest for the
                  | Orb.
     0 | D:1      | Reached XP level 1. HP: 14/14 MP: 1/1
    60 | D:1      | Reached XP level 2. HP: 19/19 MP: 2/2
   600 | D:1      | Found a faded altar of an unknown god.
   952 | D:2      | Reached XP level 3. HP: 20/23 MP: 3/3
  1019 | D:2      | Reached skill level 1 in Dodging
  1122 | D:2      | Reached XP level 4. HP: 28/28 MP: 4/4
  1953 | D:3      | Noticed a phantom
  1974 | D:3      | Killed a phantom
  1975 | D:3      | Reached XP level 5. HP: 24/33 MP: 5/5
  2323 | D:3      | Slain by an iguana

Illustrated notes

Levels and vault maps discovered:
D:1:      ebering_hopf_link, layout_loops_corners,
          shapermc_ecumenical_altar_flowoftime, minmay_indecisive_spiral
D:2:      layout_loops_cross
D:3:      minmay_chambers_of_twos, layout_basic

Skill      XL: |  1  2  3  4 |
---------------+-------------+-----
Axes           | 2 3 |  3.3
Dodging        | 1 |  1.6
Shields        | 4 |  4.2
Fighting       | 4 |  4.0
Armour         | |  3.9
Stealth        | |  0.2
Evocations     | |  0.1

Action                     |  1- 3 |  4- 6 || total
---------------------------+-------+-------++-------
  Melee: War axe           |    96 |   120 ||   216
  Evoke: Wand              |       |     2 ||     2
 Armour: Scale mail        |    51 |    34 ||    85
         Chain mail        |       |    53 ||    53
  Dodge: Dodged            |    59 |    62 ||   121
  Block: Buckler           |    16 |    37 ||    53

Table legend: (Time is in decaauts)
 A = Elapsed time spent in this place.
 B = Non-inter-level travel time spent in this place.
 C = Inter-level travel time spent in this place.
 D = Time resting spent in this place.
 E = Time spent auto-exploring this place.
 F = Levels seen in this place.
 G = Mean time per level.
                   A        B        C        D        E       F      G
               +--------+--------+--------+--------+--------+-----+--------+
         Total |   2410 |   2410 |      0 |      0 |   1504 |   3 |  803.3 |
       Dungeon |   2410 |   2410 |      0 |      0 |   1504 |   3 |  803.3 |
               +--------+--------+--------+--------+--------+-----+--------+

Top non-repeatable levels by time:
     D:1: 955 daAuts
     D:2: 744 daAuts
     D:3: 710 daAuts
